 Dungeon Crawl Stone Soup version 0.18.1-50-g88ac8fd (webtiles) character file.

11 varam the Firebug (level 2, 19/19 HPs)
             Began as a Mummy Fire Elementalist on Oct 19, 2016.
             Quit the game on level 1 of the Dungeon.
             The game lasted 00:01:38 (1057 turns).

varam the Firebug (Mummy Fire Elementalist)         Turns: 1057, Time: 00:01:39

Health: 19/19      AC:  2    Str: 11    XL:     2   Next: 17%
Magic:  5/5        EV: 12    Int: 14    God:
Gold:   29         SH:  0    Dex: 12    Spells: 2 memorised, 2 levels left

rFire  x . .     SeeInvis .     (no weapon)
rCold  + . .     Gourm    .     a - +0 robe
rNeg   + + +     Faith    .     (no shield)
rPois  ∞         Spirit   .     (no helmet)
rElec  .         Dismiss  .     (no cloak)
rCorr  .         Reflect  .     (no gloves)
SustAt .         Harm     .     (no boots)
MR     .....                    (no amulet)
Stlth  ++........               (no ring)
                                (no ring)

@: not resistant to hostile enchantments, unstealthy
A: no food or potions, fire vulnerability, cold resistance 1, negative energy
resistance 3, torment resistance, unbreathing
a: no special abilities


You were on level 1 of the Dungeon.
You were not hungry.

You visited 1 branch of the dungeon, and saw 1 of its levels.

You collected 29 gold pieces.

Inventory:

Armour
 a - a +0 robe (worn)
Jewellery
 c - a cursed ring of teleportation {unknown}
 h - a +3 ring of protection {unknown}
Scrolls
 d - a scroll of fear {unknown}
 e - a scroll of identify {unknown}
 f - a scroll of teleportation {unknown}
 g - a scroll of fog {unknown}
Books
 b - a book of Flames

   Spells                             Type                      Level
   a - Flame Tongue                   Conjuration/Fire             1
   b - Throw Flame                    Conjuration/Fire             2
   c - Conjure Flame                  Conjuration/Fire             3
   d - Inner Flame                    Hexes/Fire                   3
   e - Sticky Flame                   Conjuration/Fire             4
   f - Fireball                       Conjuration/Fire             5


   Skills:
 - Level 1.5 Dodging
 - Level 1.5 Stealth
 + Level 2.2 Spellcasting
 + Level 1.2 Conjurations
 + Level 2.6 Fire Magic


You had 2 spell levels left.
You knew the following spells:

 Your Spells              Type           Power        Failure   Level  Hunger
a - Flame Tongue          Conj/Fire      #....        14%         1    N/A
b - Throw Flame           Conj/Fire      #.....       21%         2    N/A

Dungeon Overview and Level Annotations

Branches:
Dungeon (1/15)

Altars:


Innate Abilities, Weirdness & Mutations

You do not eat or drink.
Your flesh is vulnerable to fire.
You are immune to poison.
Your flesh is cold resistant.
You are immune to negative energy.
You are immune to unholy pain and torment.
You can survive without breathing.


Message History

You can't see any susceptible monsters within range! (Use Z to cast anyway.) Unknown command.
Casting: Flame Tongue
Confirm with . or Enter, or press ? or * to list all spells.
Okay, then.
Casting: Flame Tongue
Confirm with . or Enter, or press ? or * to list all spells.
Aiming: Flame Tongue
Press: ? - help, Shift-Dir - straight line, f - jackal
Aim: a jackal The flame tongue hits the jackal.
You kill the jackal!
Unknown command.
You enter the shallow water.
Moving in this stuff is going to be slow.
Magic restored.
You're standing in a cloud of steam!
You're standing in a cloud of steam!
Unknown command.
Are you sure you want to abandon this character and quit the game? (Confirm with "yes".)

####.#.###.# #.........###.....##
##.#.###.# #.##..#.#.##.......#
###........###.##....#.#.........
....................≈≈.......≈≈..
###......#####.##..§§§≈.....≈≈≈..
##.....# #.##.≈≈≈§≈≈.....≈.(#
#.....# #.##..≈§§§≈§.......#
#.#########..§..≈§§§§≈≈......# ##
#.##.........@§..§§§§§≈≈≈≈...# .#
###..#########§.§§§§§§§≈≈≈≈≈.#
.#####..# #§.≈≈§§§§§≈≈≈≈≈≈.
.##.....# #.≈≈§§§§§§≈≈≈≈≈≈.
.##.....# #≈≈≈§§≈≈§§≈≈≈≈≈..
.##.....# #≈≈≈≈§§≈≈§≈.....#
.#8.....# #..≈≈§≈≈≈≈.......
.#<.....# #.......≈≈.......
##8.....# #......≈≈........


There were no monsters in sight!

Vanquished Creatures
  A dart slug (D:1)
  A hobgoblin (D:1)
  2 jackals (D:1)
  2 giant newts (D:1)
  A goblin (D:1)
  2 kobolds (D:1)
  A rat (D:1)
10 creatures vanquished.

Vanquished Creatures (others)
  A rat (D:1)
1 creature vanquished.

Grand Total: 11 creatures vanquished

Notes
Turn   | Place    | Note
--------------------------------------------------------------
     0 | D:1      | varam the Mummy Fire Elementalist began the quest for the Orb.
     0 | D:1      | Reached XP level 1. HP: 13/13 MP: 3/3
   571 | D:1      | Reached skill level 1 in Conjurations
   679 | D:1      | Reached XP level 2. HP: 13/19 MP: 1/5
   691 | D:1      | Learned a level 2 spell: Throw Flame
  1057 | D:1      | Quit the game

Skill      XL: |  1 |
---------------+----+-----
Conjurations   | 1 |  1.2
Dodging        | |  1.5
Stealth        | |  1.5
Spellcasting   | |  2.2
Fire Magic     | |  2.6

Action                   || total
-------------------------++-------
Melee: Unarmed           ||     6
 Cast: Flame Tongue      ||    15
Dodge: Dodged            ||     4
